 Dungeon Crawl Stone Soup version 0.22-a0-274-gf8199ec (webtiles) character file.

23 varam the Ruffian (level 2, 0/29 HPs)
             Began as a Troll Monk on Mar 13, 2018.
             Slain by Menkaure (16 damage)
             ... on level 4 of the Dungeon.
             The game lasted 00:02:18 (708 turns).

varam the Ruffian (Troll Monk)                       Turns: 708, Time: 00:02:19

Health: 0/29       AC:  5    Str: 23    XL:     2   Next: 72%
Magic:  1/1        EV: 11    Int:  9    God:
Gold:   48         SH:  0    Dex: 16    Spells: 1/1 levels left

rFire    . . .     SeeInvis .     - Unarmed
rCold    . . .     Gourm    +   (no shield)
rNeg     . . .     Faith    .   a - +0 robe
rPois    .         Spirit   .   (helmet restricted)
rElec    .         Reflect  .   (no cloak)
rCorr    .         Harm     .   (gloves unavailable)
MR       .....                  (boots unavailable)
Stlth    ++........             (no amulet)
HPRegen  0.49/turn              d - +3 ring of intelligence
MPRegen  0.07/turn              e - +4 ring of dexterity

@: mighty
A: large, unfitting armour, claws 3, fast metabolism 3, gourmand, regeneration
1, shaggy fur 1, tough skin 2
a: no special abilities


You were on level 4 of the Dungeon.
You were not hungry.

You visited 1 branch of the dungeon, and saw 4 of its levels.

You collected 48 gold pieces.

Inventory:

Armour
 a - a +0 robe (worn)
Jewellery
 d - a +3 ring of intelligence (left claw)
 e - a +4 ring of dexterity (right claw)
 l - an uncursed amulet of magic regeneration {unknown}
Scrolls
 g - 3 scrolls of identify {unknown}
 h - a scroll of immolation {unknown}
 i - a scroll of teleportation {unknown}
 j - a scroll of random uselessness {unknown}
Potions
 c - a potion of might
 f - a potion of ambrosia {unknown}
 k - a potion of agility {unknown}
 m - a potion of curing {unknown}
Comestibles
 b - 6 rations


   Skills:
 - Level 2.4 Fighting
 - Level 2.4 Dodging
 - Level 1.0 Stealth
 + Level 4.0 Unarmed Combat


You had one spell level left.
You didn't know any spells.

Dungeon Overview and Level Annotations

Branches:
Dungeon (4/15)
 Temple: D:4-7

Altars:
Uskayaw

Annotations:
D:4 Menkaure


Innate Abilities, Weirdness & Mutations

You are too large for most types of armour.
You have claws for hands.
Your metabolism is lightning-fast.
You like to eat raw meat.
Your natural rate of healing is unusually fast.
You are covered in fur. (AC +1)
You have very tough skin. (AC +2)


Message History

You butcher the frilled lizard corpse.
m - a chunk of flesh You see here a hand axe. x2
Eating a chunk of flesh.
You eat the chunk of flesh.
This raw flesh tastes great.
m - a pink potion You see here 7 poisoned needles.
Menkaure, Prince of Dust comes into view.
Menkaure shouts!
Menkaure gestures wildly while chanting.
Menkaure seems to speed up.
It was a potion of might.
You feel very mighty all of a sudden.
Menkaure calls on the powers of darkness!
Your body is wracked with pain!
You claw Menkaure!
Menkaure is heavily damaged.
Menkaure hits you!
Ouch! That really hurt!
You die...

# # ####### #.##
####.....###.##
###............#
##....###....##.#
#..8..._...8.##.#
#.....().....##.#
#@.8...[...8.##.##
#.....M.............(...
#.#.####.8.......8.##.##
#................
########.....####
#######


You could see Menkaure.

Vanquished Creatures
  A worm (D:4)
  4 giant cockroaches
  A goblin (D:1)
  3 hobgoblins
  2 bats
  A frilled lizard (D:4)
  3 kobolds
  3 rats
18 creatures vanquished.

Notes
Turn   | Place    | Note
-------+----------+-------------------------------------------
     0 | D:1      | varam the Troll Monk began the quest for the Orb.
     0 | D:1      | Reached XP level 1. HP: 22/22 MP: 0/0
   188 | D:1      | Reached XP level 2. HP: 29/29 MP: 1/1
   533 | D:4      | Reached skill level 4 in Unarmed Combat
   679 | D:4      | Found a hide-covered altar of Uskayaw.
   702 | D:4      | Noticed Menkaure
   708 | D:4      | Slain by Menkaure

Vault maps used:
D:1:      lightli_arrival_flooded_house
D:2:      makhleb_heckhound_becter, first_ration, kennysheep_generic_room_13,
          uniq_natasha, uniq_jessica, uniq_robin
D:3:      okawaru_gym_becter, nicolae_overflow_hidden_temple, uniq_ijyb
D:4:      eat_drink_and_be_merry_uskayaw, grunt_dithmenos_smoke_and_mirrors,
          kennysheep_generic_room_2, uniq_menkaure

Skill      XL: |  1  2 |
---------------+-------+-----
Unarmed Combat | 4 |  4.0
Fighting       | |  2.4
Dodging        | |  2.4
Stealth        | |  1.0

Action                   || total
-------------------------++-------
Melee: Unarmed           ||    52
  Use: Potion            ||     1
 Stab: Sleeping          ||     3
  Eat: Chunk             ||     6
Armor: Robe              ||    22
Dodge: Dodged            ||    21

Table legend:
 A = Spawn XP
 B = Non-spawn XP
 C = Spawn XP percentage of total XP
 D = Spawn monster count
 E = Non-spawn monster count
 F = Spawn count percentage of total count
 G = Total turns spent on level
                    A         B        C        D         E        F      G
               +---------+---------+-------+---------+---------+-------+---------
         Total |       0 |      33 |   0.0 |       0 |      18 |   0.0 |   708
               +---------+---------+-------+---------+---------+-------+---------
           D:1 |       0 |      14 |   0.0 |       0 |       8 |   0.0 |   201
           D:2 |       0 |       6 |   0.0 |       0 |       4 |   0.0 |   197
           D:3 |       0 |       4 |   0.0 |       0 |       3 |   0.0 |    98
           D:4 |       0 |       9 |   0.0 |       0 |       3 |   0.0 |   212
               +---------+---------+-------+---------+---------+-------+---------
